 Dungeon Crawl Stone Soup version 0.17-a0-1946-gfb768fe (webtiles) character file.

53 esc the Insei (level 3, -2/23 HPs)
             Began as an Octopode Transmuter on Oct 1, 2015.
             Slain by Crazy Yiuf
             ... wielding a +4 quarterstaff of chaos
              (9 damage)
             ... on level 2 of the Dungeon.
             The game lasted 00:03:30 (1804 turns).

esc the Insei (Octopode Transmuter)                 Turns: 1804, Time: 00:03:30

Health: -2/23      AC:  1    Str:  9    XL:     3   Next: 89%
Magic:  5/6        EV: 12    Int: 16    God:
Gold:   117        SH:  0    Dex: 12    Spells: 1 memorised, 5 levels left

rFire  . . .     SeeInvis .       - Unarmed
rCold  . . .     Clarity  .     (no shield)
rNeg   . . .     SustAt   .     (helmet restricted)
rPois  .         Gourm    .     f - amulet of resist mutation {rMut, !d}
rElec  .         Spirit   .     (no ring)
rCorr  .         Warding  .     (no ring)
rMut   +         Stasis   .     (no ring)
MR     .....                    (no ring)
Stlth  ++........               (no ring)
                                (no ring)
                                (no ring)
                                (no ring)

@: appendage, not resistant to hostile enchantments, unstealthy
A: almost no armour, amphibious, 8 rings, constrict 8, tentacle spike 3,
camouflage 1, gelatinous body 1
a: End Transformation


You were on level 2 of the Dungeon.
You were not hungry.
One of your tentacles had a temporary spike.
You visited 1 branch of the dungeon, and saw 2 of its levels.

You collected 117 gold pieces.

Inventory:

Missiles
 a - 12 arrows
Jewellery
 f - an amulet of resist mutation (around mantle) {rMut, !d}
   (You found it on level 2 of the Dungeon)
Scrolls
 d - 4 scrolls of teleportation
 l - a scroll of fear
Potions
 e - a potion of curing
 h - a potion of beneficial mutation {unknown}
 j - a potion of ambrosia {unknown}
Books
 b - a book of Changes
Comestibles
 c - 2 bread rations {@e1}
 g - 6 chunks of flesh {@w0}
 i - a beef jerky
 k - 3 fruits


   Skills:
 + Level 1.6 Fighting
 + Level 2.5 Dodging
 + Level 3.4 Unarmed Combat
 + Level 2.3 Spellcasting
 + Level 2.5 Transmutations


You had 5 spell levels left.
You knew the following spells:

 Your Spells              Type           Power        Failure   Level  Hunger
a - Beastly Appendage     Trmt           ##....       10%         1    #......


Dungeon Overview and Level Annotations

Branches:
Dungeon (2/15)

Altars:

Annotations:
D:2 Crazy Yiuf


Innate Abilities, Weirdness & Mutations

You cannot wear most types of armour.
You are amphibious.
You can wear up to eight rings at the same time.
You can use your tentacles to constrict eight enemies at once.
Your skin changes colour to match your surroundings (Stealth).
Your rubbery body absorbs attacks (AC +1).
One of your tentacles bears a large vicious spike.


Message History

No target in view!
No target in view!
No target in view!
No target in view!
No target in view!
No target in view!
No target in view!
No target in view!
No target in view!
k - 3 fruits You now have 117 gold pieces (gained 5).
l - a scroll of fear A hobgoblin comes into view.
It is wielding a club.
The hobgoblin shouts!
The hobgoblin hits you but does no damage.
You closely miss the hobgoblin. You grab the hobgoblin.
You squeeze the hobgoblin, but do no damage.
You constrict the hobgoblin, but do no damage.
You tentacle-slap the hobgoblin.
You constrict the hobgoblin, but do no damage.
The hobgoblin misses you.
A ball python comes into view.
You tentacle-slap the hobgoblin but do no damage.
You constrict the hobgoblin. The hobgoblin misses you.
You tentacle-slap the hobgoblin.
You kill the hobgoblin!
You tentacle-slap the ball python.
You kill the ball python!
No target in view!
No target in view!
No target in view!
No target in view!
No target in view!
No target in view!
No target in view!
No target in view!
No target in view!
No target in view!
No target in view!
No target in view!
No target in view!
A hobgoblin comes into view. It is wielding a club.
A hobgoblin is nearby!
The hobgoblin shouts!
The hobgoblin hits you with a club.
You take 2 damage, and have 20/23 hp.
You tentacle-slap the hobgoblin. You grab the hobgoblin.
You squeeze the hobgoblin.
You kill the hobgoblin!
No target in view!
No target in view!
No target in view!
m - a scroll labeled IBAWAD KOLUGY Read which item? (? for menu, Esc to quit)
As you read the scroll labeled IBAWAD KOLUGY, it crumbles to dust.
You smell something weird.
It was a scroll of random uselessness.
A worm comes into view.
Health restored: 23 You strike the helpless worm from a blind spot!
You tentacle-slap the worm. You grab the worm.
You squeeze the worm, but do no damage. You constrict the worm.
You are feeling hungry.
You tentacle-slap the worm. You constrict the worm. The worm bites you.
You take 5 damage, and have 18/23 hp.
MASSIVE DAMAGE!!
You tentacle-slap the worm but do no damage.
You constrict the worm. You tentacle-slap the worm. You constrict the worm.
The worm closely misses you.
You tentacle-slap the worm. You constrict the worm.
You kill the worm!
You see here a worm corpse.
You butcher the worm corpse.
g - 7 chunks of flesh {@w0} (gained 3)
You start resting.
Eating one of 7 chunks of flesh {@w0}.
You continue eating. x2
Health restored: 23 Crazy Yiuf the Enlightened comes into view.
He is wielding a quarterstaff of chaos.
Read which item? (? for menu, Esc to quit)
Okay, then.
One of your tentacles grows a vicious spike.
You now have 5/6 mp.
Crazy Yiuf shouts!
Crazy Yiuf hits you with a quarterstaff of chaos!
Ouch! That really hurt!
You are lethally poisoned!
You take 15 damage, and have 8/23 hp.
MASSIVE DAMAGE!!
Drink which item? (? for menu, Esc to quit)
Not wearing; Degree: 0 You feel better.
Crazy Yiuf says, "Key ladder tired!"
Crazy Yiuf hits you with a quarterstaff of chaos!
You take 1 damage, and have 7/23 hp.
You tentacle-slap Crazy Yiuf. You grab Crazy Yiuf.
You pierce Crazy Yiuf, but do no damage.
Your squeeze misses Crazy Yiuf.
You constrict Crazy Yiuf, but do no damage.
Crazy Yiuf hits you with a quarterstaff of chaos!
You die...

#.# #.# #.# #.#
#.# ♣♣♣♣♣##.##
#####♣♣♣.♣...#..#
#...#♣..♣.......#
#g@...♣♣♣♣......#
#)..#♣♣ ♣♣..#.##
##### ♣♣####


You could see Crazy Yiuf.

Vanquished Creatures
  An ooze (D:1)
  A worm (D:2)
  A giant gecko (D:1)
  2 bats
  4 giant cockroaches
  6 hobgoblins
  4 jackals (D:1)
  2 ball pythons
  2 giant newts (D:1)
  7 goblins
  6 kobolds (D:1)
  8 rats
44 creatures vanquished.

Notes
Turn   | Place    | Note
--------------------------------------------------------------
     0 | D:1      | esc the Octopode Transmuter began the quest for the Orb.
     0 | D:1      | Reached XP level 1. HP: 13/13 MP: 3/3
    48 | D:1      | HP: 3/13 [jackal (2)]
    49 | D:1      | Reached XP level 2. HP: 4/18 MP: 5/5
   374 | D:1      | HP: 4/18 [hobgoblin (4)]
   896 | D:1      | Reached XP level 3. HP: 14/23 MP: 6/6
  1796 | D:2      | Noticed Crazy Yiuf
  1804 | D:2      | Slain by Crazy Yiuf

Vault maps used:
D:1:      dpeg_arrival_ratfight, minmay_unequal
D:2:      uniq_crazy_yiuf_cottage

Action                   || total
-------------------------++-------
Melee: Unarmed           ||    91
 Cast: Beastly Appendage ||     1
  Use: Scroll            ||     5
       Potion            ||     1
 Stab: Sleeping          ||     9
       Distracted        ||     1
  Eat: Chunk             ||     3

Vault maps used:
D:1:      dpeg_arrival_ratfight, minmay_unequal
D:2:      uniq_crazy_yiuf_cottage

Table legend:
 A = Turns spent in this place as a percentage of turns spent in the entire game.
 B = Non-inter-level travel turns spent in this place as a percentage of non-inter-level travel turns spent in the entire game.
 C = Inter-level travel turns spent in this place as a percentage of turns spent in this place.
 D = Turns resting spent in this place as a percentage of non-inter-level travel turns spent in this place.
 E = Turns spent auto-exploring this place as a percentage of non-inter-level travel turns spent in this place.
 F = Non-inter-level travel turns spent in this place divided by the number of levels of this place that you've seen.
                   A       B       C       D       E      F
               +-------+-------+-------+-------+-------+----------------------
         Total | 100.0 | 100.0 |   0.2 |   1.7 |   6.5 | 290.5
       Dungeon | 100.0 | 100.0 |   0.2 |   1.7 |   6.5 | 290.5
               +-------+-------+-------+-------+-------+----------------------

Table legend:
 A = Kills in this place as a percentage of kills in entire the game.
 B = Kills by you in this place as a percentage of kills by you in the entire game.
 C = Kills by friends in this place as a percentage of kills by friends in the entire game.
 D = Other kills in this place as a percentage of other kills in the entire game.
 E = Experience gained in this place as a percentage of experience gained in the entire game.
 F = Experience gained in this place divided by the number of levels of this place that you have seen.
                   A       B       C       D       E      F
               +-------+-------+-------+-------+-------+----------------------
         Total | 100.0 | 100.0 |  -nan |  -nan | 100.0 |  38.5
       Dungeon | 100.0 | 100.0 |  -nan |  -nan | 100.0 |  38.5
               +-------+-------+-------+-------+-------+----------------------
